 Dungeon Crawl Stone Soup version 0.25-a0-992-gca090100c3 (webtiles) character file.

Game seed: 9172181670834157930, levelgen mode: deterministic

321 Flugslaktarn the Chopper (level 6, -3/55 HPs)
             Began as a Minotaur Fighter on May 10, 2020.
             Was an Initiate of Gozag.
             Slain by a sun demon (12 damage)
             ... summoned by a kobold demonologist
             ... on level 7 of the Dungeon.
             The game lasted 00:01:02 (1450 turns).

Flugslaktarn the Chopper (Minotaur Fighter)         Turns: 1450, Time: 00:01:03

Health: -3/55      AC: 11    Str: 21    XL:     6   Next: 22%
Magic:  5/5        EV:  5    Int:  5    God:    Gozag
Gold:   72         SH: 10    Dex: 11    Spells: 5/5 levels left

rFire    . . .     SeeInvis .   a - +0 war axe
rCold    . . .     Gourm    .   c - +0 kite shield
rNeg     . . .     Faith    .   h - +0 chain mail
rPois    .         Spirit   .   (helmet restricted)
rElec    .         Reflect  .   (no cloak)
rCorr    .         Harm     .   (no gloves)
MR       .....                  p - +0 pair of boots
Stlth    ..........             s - amulet of rage
HPRegen  0.18/turn              (no ring)
MPRegen  0.09/turn              (no ring)

@: no status effects
A: retaliatory headbutt, horns 2
a: Potion Petition, Call Merchant, Bribe Branch, Renounce Religion, Evoke
Berserk Rage


You were on level 7 of the Dungeon.
You worshipped Gozag.
Gozag was noncommittal.
You were not hungry.

You visited 1 branch of the dungeon, and saw 5 of its levels.

You collected 109 gold pieces.
You paid 37 gold pieces to Gozag.

Inventory:

Hand Weapons
 a - a +0 war axe (weapon)
Armour
 b - a +0 scale mail
 c - a +0 kite shield (worn)
 h - a +0 chain mail (worn)
   (You found it on level 2 of the Dungeon)
 p - a +0 pair of boots (worn)
   (You found it on level 3 of the Dungeon)
Jewellery
 s - an amulet of rage (around neck)
   (You found it on level 4 of the Dungeon)
Wands
 f - a wand of clouds (6)
   (You found it on level 4 of the Dungeon)
Scrolls
 i - a scroll of identify {unknown}
 j - 2 scrolls of remove curse {unknown}
 k - a scroll of noise {unknown}
 n - a scroll of fear {unknown}
 q - 3 scrolls of immolation {unknown}
Potions
 d - a potion of brilliance {unknown}
 g - 2 potions of lignification {unknown}
 l - a potion of cancellation {unknown}
 m - a potion of magic {unknown}
 o - a potion of berserk rage {unknown}
 r - a potion of curing {unknown}
Comestibles
 e - 3 rations


   Skills:
 + Level 4.9 Fighting
 * Level 5.3 Axes
 + Level 5.0 Armour
 + Level 4.9 Shields


You had 5 spell levels left.
You didn't know any spells.
Your spell library was empty.

Dungeon Overview and Level Annotations

Branches:
Dungeon (4/15)             Temple (0/1) D:4

Altars:
Gozag

Shops:
D:4 *


Innate Abilities, Weirdness & Mutations

You reflexively headbutt those who attack you in melee.
You have a pair of horns on your head.


Message History

Your shield prevents you from hitting the kobold demonologist.
The kobold demonologist is almost dead.
You hit the ice devil but do no damage.
Your shield and chain mail prevent you from hitting the adder.
The kobold demonologist barely misses you.
The adder bites you but does no damage. The ice devil hits you!
The ice devil freezes you!
The kobold demonologist casts a spell.
The scorpion stings you but does no damage.
The adder bites you but does no damage.
The ice devil hits you but does no damage.
Your chain mail prevents you from hitting the kobold demonologist.
The kobold demonologist is severely wounded.
You miss the adder. You hit the scorpion but do no damage.
You hit the sun demon. You hit the ice devil. The adder bites you.
The sun demon hits you!!
* * * LOW HITPOINT WARNING * * *
You are engulfed in flames!
You die...
Your body crumbles into a pile of gold.

#+# ##+#....#
#...###..#....+
#........#....#
#........#....#
#[.####'##....######
#..#.......:.......#
#..#...............#
#..#............4.$#
#..'...........@K..+
#..#..........3sS..#
#..#....########.......
#..#....# .......
#..#....# ....... $
#..#....# .......
#..#....# .......
#..+....# ....... #..#


You could see a sun demon (summoned), an ice devil (summoned), a kobold
demonologist, a scorpion and an adder.

Vanquished Creatures
  Duvessa (D:4)
  Dowan (D:4)
  A howler monkey (D:4)
  A hound (D:4)
  2 orc priests (D:4)
  2 adders
  A worm (D:3)
  5 orcs
  5 bats (D:3)
  A giant cockroach (D:1)
  A goblin (D:1)
  A hobgoblin (D:1)
  A quokka (D:2)
  A frilled lizard (D:1)
  2 kobolds
26 creatures vanquished.

Notes
Turn   | Place    | Note
-------+----------+-------------------------------------------
     0 | D:1      | Flugslaktarn the Minotaur Fighter began the quest for the
                  | Orb.
     0 | D:1      | Reached XP level 1. HP: 19/19 MP: 0/0
   148 | D:2      | Reached XP level 2. HP: 27/27 MP: 1/1
   370 | D:3      | Reached XP level 3. HP: 24/33 MP: 2/2
   650 | D:4      | Found Gozag's Platinum Reserve.
   650 | D:4      | Found an opulent altar of Gozag.
   678 | D:4      | Became a worshipper of Gozag Ym Sagoz the Greedy
   741 | D:4      | Reached XP level 4. HP: 12/40 MP: 3/3
   949 | D:4      | Found a staircase to the Ecumenical Temple.
  1076 | D:4      | Noticed Dowan
  1077 | D:4      | Noticed Duvessa
  1089 | D:4      | Killed Duvessa
  1089 | D:4      | Reached XP level 5. HP: 24/47 MP: 4/4
  1107 | D:4      | Killed Dowan
  1107 | D:4      | Reached skill level 5 in Axes
  1261 | D:4      | Reached XP level 6. HP: 41/55 MP: 5/5
  1367 | D:4      | Reached skill level 5 in Armour
  1429 | D:4      | You fall into a shaft and drop 3 floors!
  1442 | D:7      | Noticed a kobold demonologist
  1443 | D:7      | Noticed an ice devil
  1450 | D:7      | Noticed a sun demon
  1450 | D:7      | Slain by a sun demon

Illustrated notes

Levels and vault maps discovered:
D:1:      psy_arrival_dodecagon, layout_basic, serial_forest,
          infiniplex_forest_clump_diagonal, infiniplex_forest_end_1,
          infiniplex_forest_end_2, infiniplex_forest_lined_3,
          infiniplex_forest_straight_3, infiniplex_forest_clump_C,
          minmay_lizard_king
D:2:      layout_rooms, minmay_misc_feat_more_columns,
          nicolae_ashenzari_panopticon
D:3:      layout_basic, marbit_many_paths
D:4:      layout_gridville, minmay_temple_entry_tees, first_ration,
          nicolae_gozag_zags_fifth_avenue, uniq_duvessa, uniq_sigmund
D:7:      layout_gridville

Skill      XL: |  1  2  3  4  5  6 |
---------------+-------------------+-----
Axes           | 3 4 5 |  5.3
Armour         | 4 5 |  5.0
Fighting       | 4 |  4.9
Shields        | 4 |  4.9

Action                   |  1- 3 |  4- 6 || total
-------------------------+-------+-------++-------
Melee: War axe           |    59 |    40 ||    99
       Headbutt          |     9 |     3 ||    12
  Use: Potion            |       |     1 ||     1
 Stab: Distracted        |     1 |       ||     1
  Eat: Ration            |       |     1 ||     1
Armor: Scale mail        |    11 |       ||    11
       Chain mail        |    34 |    26 ||    60
Dodge: Dodged            |    18 |    10 ||    28
Block: Kite shield       |    36 |    25 ||    61

Table legend:
 A = Non-vault XP
 B = Vault XP
 C = Vault XP percentage of total XP
 D = Non-vault monster count
 E = Vault monster count
 F = Vault count percentage of total count
                 A         B        C        D         E       F
            +---------+---------+-------+---------+---------+-------
      Total |     242 |     217 |  47.3 |      24 |       2 |   7.7
            +---------+---------+-------+---------+---------+-------
        D:1 |       8 |       0 |   0.0 |       5 |       0 |   0.0
        D:2 |      15 |       0 |   0.0 |       2 |       0 |   0.0
        D:3 |      21 |       0 |   0.0 |       9 |       0 |   0.0
        D:4 |     198 |     217 |  52.3 |       8 |       2 |  20.0
            +---------+---------+-------+---------+---------+-------
